 Dungeon Crawl Stone Soup version 0.26-a0-466-g989023bd0d (webtiles) character file.

Game seed: 11913414449826376250

336 Lanoc the Slasher (level 6, 0/51 HPs)
             Began as a Palentonga Berserker on Aug 2, 2020.
             Was a Believer of Trog.
             Slain by an adder skeleton (4 damage)
             ... on level 4 of the Dungeon.
             The game lasted 00:03:01 (974 turns).

Lanoc the Slasher (Palentonga Berserker)             Turns: 974, Time: 00:03:02

Health: 0/51       AC:  4    Str: 20    XL:     6   Next: 28%
Magic:  6/6        EV: 10    Int:  7    God:    Trog [**....]
Gold:   86         SH:  0    Dex: 12    Spells: 5/5 levels left

rFire    . . .     SeeInvis +   a - +0 falchion
rCold    + . .     Faith    .   (no shield)
rNeg     . . .     Spirit   .   b - +0 animal skin
rPois    .         Reflect  .   (no helmet)
rElec    .         Harm     .   (no cloak)
rCorr    .                      (no gloves)
MR       .....                  (boots restricted)
Stlth    +.........             d - amulet of regeneration
HPRegen  0.57/turn              j - ring of protection from cold
MPRegen  0.10/turn              (no ring)

@: berserk cooldown, slowed, very slow
A: large, rugged brown scales 3, see invisible, deformed body, roll, armoured
tail
a: Rolling Charge, Berserk, Trog's Hand, Renounce Religion


You were on level 4 of the Dungeon.
You worshipped Trog.
Trog was pleased with you.
You visited 1 branch of the dungeon, and saw 3 of its levels.

You collected 86 gold pieces.

Inventory:

Hand Weapons
 a - a +0 falchion (weapon)
Armour
 b - a +0 animal skin (worn)
Jewellery
 d - an amulet of regeneration (around neck)
 j - a ring of protection from cold (left hand)
Scrolls
 c - a scroll of fog {unknown}
 e - 2 scrolls of remove curse {unknown}
 f - a scroll of noise {unknown}
 g - 5 scrolls of identify {unknown}
 h - 4 scrolls of immolation {unknown}
 m - a scroll of enchant weapon {unknown}
Potions
 i - a potion of haste {unknown}
 k - a potion of resistance {unknown}
 l - a potion of degeneration {unknown}
 n - a potion of lignification {unknown}


   Skills:
 + Level 4.2 Fighting
 * Level 5.1 Long Blades
 + Level 2.7 Armour
 + Level 2.7 Dodging


You had 5 spell levels left.
You didn't know any spells.
Your spell library was empty.

Dungeon Overview and Level Annotations

Branches:
Dungeon (2/15)

Altars:
Trog


Innate Abilities, Weirdness & Mutations

You are completely covered in rugged brown scales. (AC +3, +7% HP)
You have supernaturally acute eyesight. (SInv)
Armour fits poorly on your strangely shaped body.
You can roll at foes to attack.
You have a long armoured tail.


Message History

You writhe in agony.
* * * LOW HITPOINT WARNING * * *
You slash Grinder!
You kill Grinder!
Trog accepts your kill.
Your Fighting skill increases to level 4!
Your Long Blades skill increases to level 5!
You have reached level 6!
Your experience leads to an increase in your attributes!
Increase (S)trength, (I)ntelligence, or (D)exterity?
You feel agile.
You are no longer berserk.
You are exhausted.
You feel yourself slow down. The orc hits you with a +0 trident.
* * * LOW HITPOINT WARNING * * *
You hit the orc but do no damage. You tail-slap the orc.
You kill the orc!
Trog accepts your kill. The adder skeleton bites you.
You die...

..#... ..#.##.#..###
.... ...... ...... ....
.......#..#.# .....
#.#.##.#[.#.# ...
#.#.##.#..#.##.#####
#####...................
......>.................
#...####....@#.####
#####.[.####..#Z##.##
.................<...
#####................
#†.#.###..#.#..#. #..#.#
#..#.#.... #..#.#
#..#.#.... #..#.# #..#.
#..#.# ##.#


You could see an adder skeleton.

Vanquished Creatures
  Grinder (D:4)
  A phantom (D:4)
  An adder (D:2)
  A worm (D:2)
  A leopard gecko (D:1)
  2 orcs
  5 giant cockroaches
  5 goblins
  3 hobgoblins (D:1)
  A quokka (D:2)
  8 bats
  A frilled lizard (D:1)
  9 kobolds
  2 rats (D:1)
41 creatures vanquished.

Notes
Turn   | Place    | Note
-------+----------+-------------------------------------------
     0 | D:1      | Lanoc the Palentonga Berserker began the quest for the Orb.
     0 | D:1      | Reached XP level 1. HP: 19/19 MP: 1/1
   165 | D:1      | Reached XP level 2. HP: 25/25 MP: 2/2
   598 | D:2      | Reached XP level 3. HP: 31/31 MP: 3/3
   612 | D:2      | Reached ** piety under Trog
   772 | D:2      | Found a bloodstained altar of Trog.
   932 | D:2      | You fall into a shaft and drop 2 floors!
   946 | D:4      | Noticed a phantom
   961 | D:4      | Noticed Grinder
   969 | D:4      | Killed a phantom
   969 | D:4      | Reached skill level 4 in Long Blades
   969 | D:4      | Reached XP level 4. HP: 12/39 MP: 4/4
   969 | D:4      | Reached XP level 5. HP: 14/44 MP: 5/5
   972 | D:4      | Killed Grinder
   972 | D:4      | Reached skill level 5 in Long Blades
   972 | D:4      | Reached XP level 6. HP: 5/51 MP: 6/6
   974 | D:4      | Slain by an adder skeleton

Illustrated notes

Levels and vault maps discovered:
D:1:      nzn_arrival_settlement, layout_basic
D:2:      layout_basic, serial_glass, glass_columns_a, glass_columns_c,
          trog_book
D:4:      layout_basic, doesnt_xom_only_xom, grunt_qazlal_clouds, uniq_menkaure,
          uniq_eustachio, uniq_grinder

Skill      XL: |  1  2  3  4  5 |
---------------+----------------+-----
Armour         | 2 |  2.7
Dodging        | 2 |  2.7
Long Blades    | 4 5 |  5.1
Fighting       | 4 |  4.2

Action                   |  1- 3 |  4- 6 || total
-------------------------+-------+-------++-------
Melee: Falchion          |    92 |     4 ||    96
       Tailslap          |    13 |     2 ||    15
Invok: Berserk           |     2 |       ||     2
 Abil: Rolling Charge    |     3 |       ||     3
 Stab: Sleeping          |     1 |       ||     1
Armor: Animal skin       |    32 |       ||    32
Dodge: Dodged            |    65 |     2 ||    67
       Rpst.: Falchion   |    17 |       ||    17

Table legend: (Time is in decaauts)
 A = Elapsed time spent in this place.
 B = Non-inter-level travel time spent in this place.
 C = Inter-level travel time spent in this place.
 D = Time resting spent in this place.
 E = Time spent auto-exploring this place.
 F = Levels seen in this place.
 G = Mean time per level.
                   A        B        C        D        E       F      G
               +--------+--------+--------+--------+--------+-----+--------+
         Total |    985 |    976 |      9 |      0 |    736 |   3 |  328.3 |
       Dungeon |    985 |    976 |      9 |      0 |    736 |   3 |  328.3 |
               +--------+--------+--------+--------+--------+-----+--------+

Top non-repeatable levels by time:
     D:1: 580 daAuts
     D:2: 365 daAuts
     D:4: 39 daAuts
